 Dungeon Crawl Stone Soup version 0.30-a0-802-gb92711bcdf (webtiles) character file.

Game seed: 5838039623617195744

127 pyrow613 the Chopper (level 4, -1/37 HPs)
             Began as a Demigod Fighter on Feb 23, 2023.
             Killed from afar by an orc wizard (8 damage)
             ... with a puff of flame
             ... on level 4 of the Dungeon.
             The game lasted 00:04:27 (2473 turns).

pyrow613 the Chopper (Demigod Fighter)              Turns: 2473, Time: 00:04:28

Health: -1/37      AC:  6    Str: 21    XL:     4   Next: 56%
Magic:  6/6        EV:  9    Int: 10    God:
Gold:   156        SH:  4    Dex: 13    Spells: 3/3 levels left

rFire   . . .      SeeInvis .    a - +1 war axe
rCold   . . .      Faith    .    c - +0 buckler
rNeg    . . .      Spirit   .    r - +0 scale mail
rPois   .          Reflect  .    (no helmet)
rElec   .          Harm     .    (no cloak)
rCorr   .          Rampage  .    (no gloves)
Will    .....                    (no boots) Stlth
                                 (no amulet)
HPRegen 0.26/turn                (no ring)
MPRegen 0.10/turn                (no ring)

@: mighty
A: high MP 1, forlorn, divine attributes
a: no special abilities


You were on level 4 of the Dungeon.
You visited 1 branch of the dungeon, and saw 4 of its levels.

You collected 156 gold pieces.

Inventory:

Hand Weapons
 a - a +1 war axe (weapon)
 b - a +0 sling
Missiles
 l - 12 poisoned darts (quivered)
Armour
 c - a +0 buckler (worn)
 r - a +0 scale mail (worn)
Scrolls
 n - a scroll of enchant armour {unknown}
 o - 2 scrolls of identify
 q - a scroll of enchant weapon
Potions
 e - a potion of ambrosia
 f - a potion of mutation {unknown}
 g - a potion of flight {unknown}
 h - 2 potions of invisibility {unknown}
 i - 3 potions of heal wounds {unknown}
 j - a potion of berserk rage {unknown}
 k - a potion of haste {unknown}
 m - a potion of curing {unknown}
 p - a potion of attraction {unknown}


   Skills:
 - Level 2.6 Fighting
 + Level 4.6 Axes
 - Level 2.6 Armour
 - Level 2.6 Shields


You had 3 spell levels left.
You didn't know any spells.
Your spell library contained the following spells:

 Spells                   Type           Power      Damage    Failure   Level
 Lesser Beckoning         Tloc           0%         N/A       91%         2
 Gell's Gravitas          Tloc           0%         N/A       99%         3
 Inner Flame              Hex/Fire       0%         N/A       99%         3
 Teleport Other           Tloc           0%         N/A       99%         3
 Flame Wave               Conj/Fire      0%         2d4       100%        4
 Sticky Flame             Conj/Fire      0%         2d3       100%        4


Dungeon Overview and Level Annotations

Branches:
Dungeon (4/15)
 Temple: D:4-7


Innate Abilities, Weirdness & Mutations

You have an increased reservoir of magic. (+10% MP)
You shall have no god before yourself.
Your divine heritage dramatically boosts your attributes as you level up.


Message History

The orc wizard casts a spell at you.
You are confused.
You are too confused!
You barely miss the orc wizard.
The orc wizard is heavily wounded.
The orc wizard hits you with a +0 dagger.
Found a ring mail.
Found a stone staircase leading down.
The orc wizard barely misses you.
Things that are here:
a +0 falchion; an orc corpse The orc wizard hits you but does no damage.
You bump into the rock wall.
The orc hits you with a +0 whip. The orc hits you but does no damage.
The orc wizard hits you with a +0 dagger.
You bump into the rock wall.
The orc hits you with a +0 short sword.
A white imp comes into view.
The orc barely misses you.
The orc wizard hits you but does no damage.
You feel less confused.
The orc wizard hits you but does no damage.
Things that are here:
a +0 falchion; an orc corpse
Okay, then.
You feel very mighty all of a sudden. The orc hits you but does no damage.
You block the orc wizard's attack.
You barely miss the orc wizard.
The orc wizard is heavily wounded.
You hit the orc. The orc hits you but does no damage.
The orc wizard mumbles some strange words.
The orc wizard flickers and vanishes!
Deactivating autopickup; reactivate with Ctrl-A.
You miss something. You closely miss the orc. The orc completely misses you.
You hear some strange, mumbled words.
A puff of flame appears from out of thin air!
The puff of flame hits you!
* * * LOW HITPOINT WARNING * * *
You hear some strange, mumbled words.
A puff of flame appears from out of thin air!
The puff of flame hits you!
You die...

.#.......# ....####.#
####### ##.....#.#
#.....#
#.##...)###...).#
##.##.#....#.....#
...##...##.......#
##.####.###......# ...#
#.# #......# )..# #.#
##....@## ..<####.#
#....{o#
........##.....##o5...5#
...#######.....####..###
....... +.....+ >...
####### #.....# .[.#
####### ...# ..# ..#


You could see a white imp and 2 orcs.

Vanquished Creatures
  7 adders
  2 worms (D:3)
  4 orcs
  6 ball pythons
  3 endoplasms
  4 giant cockroaches
  8 goblins
  3 hobgoblins (D:1)
  4 jackals (D:4)
  3 quokkas
  2 bats
  A frilled lizard (D:1)
  3 kobolds
  A rat (D:3)
51 creatures vanquished.

Notes
Turn   | Place    | Note
-------+----------+-------------------------------------------
     0 | D:1      | pyrow613 the Demigod Fighter began the quest for the Orb.
     0 | D:1      | Reached XP level 1. HP: 18/18 MP: 3/3
   147 | D:1      | Reached skill level 2 in Axes
   268 | D:1      | Reached XP level 2. HP: 23/25 MP: 4/4
   758 | D:2      | Reached skill level 3 in Axes
   866 | D:2      | Reached XP level 3. HP: 30/30 MP: 5/5
  1510 | D:3      | Reached skill level 4 in Axes
  1612 | D:3      | Reached XP level 4. HP: 37/37 MP: 6/6
  2473 | D:4      | Killed from afar by an orc wizard

Illustrated notes

Levels and vault maps discovered:
D:1:      beargit_arrival_greenhouse, layout_loops_ring, minmay_pentomino_o4
D:2:      cheibrodos_old_hovel, layout_loops_cross, due_unseen_surprise
D:3:      layout_basic, okawaru_metal_pillars_1_2, nicolae_gozag_seed_capital,
          nicolae_qazlal_scattered_showers,
          nicolae_dithmenos_through_a_glass_darkly,
          mainiacjoe_overflow_tiny_flanked
D:4:      layout_basic, mainiacjoe_overflow_brackets, serial_shops, shop

Skill      XL: |  1  2  3 |
---------------+----------+-----
Axes           | 2 3 4 |  4.6
Fighting       | |  2.6
Armour         | |  2.6
Shields        | |  2.6

Action                     |  1- 3 |  4- 6 || total
---------------------------+-------+-------++-------
  Melee: War axe           |   107 |    59 ||   166
   Fire: Sling             |       |    10 ||    10
    Use: Scroll            |     6 |       ||     6
         Potion            |       |     1 ||     1
 Armour: Scale mail        |    61 |    38 ||    99
  Dodge: Dodged            |    34 |    37 ||    71
  Block: Buckler           |    20 |    10 ||    30

Table legend: (Time is in decaauts)
 A = Elapsed time spent in this place.
 B = Non-inter-level travel time spent in this place.
 C = Inter-level travel time spent in this place.
 D = Time resting spent in this place.
 E = Time spent auto-exploring this place.
 F = Levels seen in this place.
 G = Mean time per level.
                   A        B        C        D        E       F      G
               +--------+--------+--------+--------+--------+-----+--------+
         Total |   2535 |   2405 |    130 |     59 |   1880 |   4 |  633.8 |
       Dungeon |   2535 |   2405 |    130 |     59 |   1880 |   4 |  633.8 |
               +--------+--------+--------+--------+--------+-----+--------+

Top non-repeatable levels by time:
     D:3: 971 daAuts
     D:2: 747 daAuts
     D:1: 675 daAuts
     D:4: 141 daAuts
